 Dungeon Crawl Stone Soup version 0.30-a0-852-g08b95dd62f (webtiles) character file.

Game seed: 4977414909158151482

65146 holysushi the Spry (level 14, 0/103 HPs)
             Began as a Demonspawn Monk on Mar 4, 2023.
             Was an Initiate of Gozag.
             Slain by a skeletal warrior
             ... wielding a +2 hand axe of distortion
              (5 damage)
             ... on level 11 of the Dungeon.
             The game lasted 00:34:22 (19728 turns).

holysushi the Spry (Demonspawn Monk)               Turns: 19728, Time: 00:34:22

Health: 0/103      AC: 31    Str: 15    XL:     14   Next: 74%
Magic:  19/19      EV: 17    Int: 12    God:    Gozag
Gold:   1571       SH: 14    Dex: 28    Spells: 18/19 levels left

rFire   . . .      SeeInvis +    f - +10 quick blade "Gihoq" {heavy, Fragile rElec rN++ SInv}
rCold   + . .      Faith    .    a - +2 buckler {rC+}
rNeg    + + .      Spirit   .    T - +4 chain mail of the Blacksmith {Str+3 SInv Stlth+}
rPois   .          Reflect  +    G - +1 helmet
rElec   +          Rampage  .    H - +1 cloak of Mumblety Peg {Dex+3}
rCorr   .                        (gloves unavailable)
Will    +....                    v - +2 pair of boots {Fly}
Stlth   ++                       M - amulet of reflection
HPRegen 0.37/turn                g - +4 ring of protection
MPRegen 0.16/turn                x - +5 ring of dexterity

@: gold aura, flying, invisible
A: claws 3, molten scales 2, spiny 1, demonic magic 1
a: Renounce Religion, Potion Petition, Call Merchant, Bribe Branch


You were on level 11 of the Dungeon.
You worshipped Gozag.
Gozag was most pleased with you.
You visited 3 branches of the dungeon, and saw 17 of its levels.
You also visited: Ice Cave and Volcano.

You collected 5538 gold pieces.
You spent 941 gold pieces at shops.
You paid 3026 gold pieces to Gozag.

Inventory:

Hand Weapons
 e - a +0 rapier of draining
 f - the +10 quick blade "Gihoq" (weapon) {heavy, Fragile rElec rN++ SInv}
   (You acquired it on level 7 of the Dungeon)

   rElec:     It insulates you from electricity.
   rN:        It greatly protects you from negative energy.
   SInv:      It lets you see invisible.
   Fragile:   It will be destroyed if unequipped.
Armour
 a - a +2 buckler of cold resistance (worn)
 n - a +1 tower shield of cold resistance
 v - a +2 pair of boots of flying (worn)
 G - a +1 helmet (worn)
 H - the +1 cloak of Mumblety Peg (worn) {Dex+3}
   (You acquired it on level 5 of the Lair of Beasts)

   Dex:       It affects your dexterity (+3).
 L - a +1 robe of willpower
 N - a +0 cloak of fire resistance
 T - the +4 chain mail of the Blacksmith (worn) {Str+3 SInv Stlth+}
   (You bought it in a shop on level 3 of the Lair of Beasts)

   Str:       It affects your strength (+3).
   SInv:      It lets you see invisible.
   Stlth:     It makes you more stealthy.
Jewellery
 b - a ring of flight
 g - a +4 ring of protection (left claw)
 i - a ring of fire
 q - a ring of protection from cold
 x - a +5 ring of dexterity (right claw)
 M - an amulet of reflection (around neck)
Wands
 y - a wand of polymorph (10)
 C - a wand of acid (14)
 D - a wand of flame (22)
 K - a wand of roots (17)
 O - a wand of paralysis (10)
Scrolls
 h - 6 scrolls of fog
 j - a scroll of fear
 k - 6 scrolls of teleportation
 r - 2 scrolls of blinking
 s - 2 scrolls of noise
 t - 3 scrolls of vulnerability
 w - a scroll of magic mapping
 z - 2 scrolls of enchant armour
 A - 2 scrolls of poison
 F - a scroll of immolation
 S - 3 scrolls of amnesia
 U - 2 scrolls of butterflies
 W - 2 scrolls of identify
Potions
 c - a potion of heal wounds
 d - 5 potions of curing
 l - 2 potions of magic
 m - a potion of berserk rage
 o - a potion of invisibility
 p - 4 potions of flight
 u - 4 potions of attraction
 B - 2 potions of haste
 E - 4 potions of resistance
 I - 2 potions of mutation
 J - 3 potions of lignification
 X - a potion of might
 Z - 3 potions of brilliance
Miscellaneous
 V - a condenser vane


   Skills:
 - Level 7.0 Fighting
 - Level 10.0 Short Blades
 + Level 11.9 Armour
 - Level 15.5 Dodging
 - Level 5.0 Stealth
 - Level 5.0 Shields
 - Level 3.4 Spellcasting
 - Level 2.0 Transmutations
 - Level 7.0 Evocations


You had 18 spell levels left.
You knew the following spells:

 Your Spells              Type           Power      Damage    Failure   Level
a - Beastly Appendage     Tmut           12%        N/A       82%         1

Your spell library contained the following spells:

 Spells                   Type           Power      Damage    Failure   Level
 Wereblood                Tmut           6%         N/A       91%         2
 Ensorcelled Hibernation  Hex/Ice        4%         N/A       99%         2
 Dazzling Flash           Conj/Hex       4%         N/A       100%        3
 Portal Projectile        Hex/Tloc       4%         N/A       100%        3
 Spider Form              Tmut/Pois      4%         N/A       100%        3
 Tukima's Dance           Hex            2%         N/A       100%        3
 Anguish                  Hex/Necr       1%         N/A       100%        4
 Iskenderun's Mystic Bla  Conj/Tloc      2%         2d3       100%        4
 Sticky Flame             Conj/Fire      2%         2d3       100%        4
 Blade Hands              Tmut           3%         N/A       100%        5
 Borgnjor's Vile Clutch   Necr/Erth      1%         N/A       100%        5
 Fireball                 Conj/Fire      1%         3d3       100%        5
 Iskenderun's Battlesphe  Conj           2%         2d6       100%        5
 Conjure Ball Lightning   Conj/Air       1%         3x3d6     100%        6
 Death Channel            Necr           1%         N/A       100%        6
 Starburst                Conj/Fire      1%         6d3       100%        6
 Orb of Destruction       Conj           1%         9d5       100%        7
 Fire Storm               Conj/Fire      1%         7d1       100%        9
 Animate Dead             Necr           Unusable   N/A       N/A         4

Dungeon Overview and Level Annotations

Branches:
Dungeon (11/15) Zot: 26476  Temple (1/1) D:4 Zot: 5982    Lair (5/5) D:10 Zot: 23457
  Swamp (0/4) Lair:3       Spider (0/4) Lair:3        Slime (0/5) Lair:5
  IceCv (visited)         Volcano (visited)
    Orc: D:9-12

Altars:
Ashenzari
Cheibriados
Dithmenos
Fedhas
Gozag
Hepliaklqana
Kikubaaqudgha
Makhleb
Nemelex Xobeh
Okawaru
Qazlal
Ru
Sif Muna
Trog
Uskayaw
Vehumet
Wu Jian
Xom
Yredelemnul
Jiyva

Shops:
D:2 =   D:4 *   Lair:1 [   Lair:3 [   Lair:5 ?[

Annotations:
D:9 1 runed translucent door, Darius099's ghost, novice MiFi
Lair:1 3 runed translucent doors, Nabski's ghost, journeyman TeFE


Innate Abilities, Weirdness & Mutations

You have claws for hands.
You are mostly covered in molten scales. (AC +3)
You are partially covered in sharp spines.
Spells you cast may paralyse adjacent enemies.


Message History

The skeletal warrior is almost destroyed.
You hit the skeletal warrior but do no damage.
The skeletal warrior is almost destroyed.
You hit the skeletal warrior.
The skeletal warrior is almost destroyed.
The skeletal warrior hits you with a +0 battleaxe!!
You hit the skeletal warrior but do no damage.
The skeletal warrior is almost destroyed.
You hit the skeletal warrior but do no damage.
The skeletal warrior is almost destroyed.
You block the skeletal warrior's attack.
You closely miss the skeletal warrior.
The skeletal warrior is almost destroyed.
You closely miss the skeletal warrior.
The skeletal warrior is almost destroyed.
The skeletal warrior is struck by your spines.
The skeletal warrior hits you with a +0 battleaxe!
* * * LOW HITPOINT WARNING * * *
You hit the skeletal warrior.
You destroy the skeletal warrior!
Unknown command.
The skeletal warrior hits you but does no damage.
Space warps around you.
* * * LOW HITPOINT WARNING * * *
Things that are here:
13 gold pieces; a +0 battleaxe; a +0 halberd
Things that are here:
5 gold pieces; a +0 battleaxe You fade into invisibility!
The skeletal warrior is struck by your spines.
The skeletal warrior hits you with a +2 hand axe of distortion!
* * * LOW HITPOINT WARNING * * *
You catch the helpless skeletal warrior completely off-guard!
You impale the skeletal warrior!!
The skeletal warrior is severely damaged.
The skeletal warrior is struck by your spines.
The skeletal warrior hits you but does no damage.
Space warps around you.
You die...
Your body crumbles into a pile of gold.

#########################.##
................@z.......>..
#########################..#
#..# #..# #..# ######..#
#...=...#
########.####.#####
#........# #.....#


You could see a skeletal warrior (unable to see you).

Vanquished Creatures
  Snorg (Lair:4)
  Erolcha (D:9)
  3 hydras
  4 catoblepae (Lair:5)
  Erica (D:8)
  6 death yaks
  A boulder beetle (Lair:4)
  2 two-headed ogres
  Urug (D:10)
  Sonja (Lair:2)
  5 skeletal warriors
  An anaconda skeleton (Volcano)
  6 bog bodies
  Pikel (D:5)
  An oklob plant (Lair:1)
  2 wolf spiders (Lair:3)
  3 manticores
  18 elephants
  An ice statue (IceCv)
  6 black mambas
  5 gargoyles
  8 cane toads
  10 komodo dragons
  A kobold demonologist (D:11)
  An anaconda simulacrum (IceCv)
  A rime drake (Lair:5)
  4 trolls
  28 blink frogs
  4 dream sheep (Lair:4)
  3 flying skulls (Volcano)
  2 alligator skeletons (Volcano)
  A vampire (D:10)
  A jumping spider (Lair:3)
  A shadow (D:10)
  A culicivora (Lair:3)
  6 spriggans (Lair:3)
  A wraith (D:11)
  6 wyverns
  8 basilisks
  57 yaks
  A steam dragon (D:9)
  2 death yak simulacra (IceCv)
  Edmund (D:6)
  13 water moccasins
  4 hydra simulacra (IceCv)
  5 orc warriors
  A black bear (D:4)
  A centaur (D:10)
  10 wolves
  A lemure (D:4)
  3 kobold brigands
  18 bullfrogs
  2 scorpions
  A gnoll sergeant (D:10)
  4 cane toad simulacra (IceCv)
  7 two-headed ogre simulacra (IceCv)
  11 wights
  An elephant simulacrum (IceCv)
  23 killer bees
  A spriggan skeleton (Volcano)
  3 electric eels
  A troll skeleton (Volcano)
  2 hounds (D:5)
  9 orc priests
  A gnoll bouda (D:4)
  A sleepcap (D:5)
  Jessica (D:3)
  3 iguanas
  Natasha (thrice) (D:3)
  4 hell rats (Lair:3)
  13 orc wizards
  3 troll simulacra (IceCv)
  2 wolf simulacra (IceCv)
  8 spriggan simulacra (IceCv)
  2 polar bear simulacra (IceCv)
  16 gnolls
  3 naga simulacra (IceCv)
  10 adders
  3 shadow imps
  19 white imps
  2 ufetubi (IceCv)
  2 worms
  A dart slug (D:1)
  42 orcs
  6 endoplasms
  4 giant cockroaches
  5 goblins
  6 hobgoblins
  5 jackals
  19 kobolds
  11 ball pythons
  A frilled lizard (D:1)
  4 rats
539 creatures vanquished.

Vanquished Creatures (others)
  An orc warrior (D:10)
  A centaur (D:10)
  A gnoll sergeant (D:10)
  An ufetubus (IceCv)
  A kobold (D:9)
  9 fungi
  42 plants
56 creatures vanquished.

Grand Total: 595 creatures vanquished

Notes
Turn   | Place    | Note
-------+----------+-------------------------------------------
     0 | D:1      | holysushi the Demonspawn Monk began the quest for the Orb.
     0 | D:1      | Reached XP level 1. HP: 18/18 MP: 1/1
   108 | D:1      | Gained mutation: Spells you cast may paralyse adjacent
                  | enemies. [demonic ancestry]
   108 | D:1      | Reached XP level 2. HP: 16/24 MP: 2/2
   715 | D:2      | Found Fubyul's One-of-a-Kind Rings.
   731 | D:2      | Gained mutation: You are partially covered in molten
                  | scales. (AC +2) [demonic ancestry]
   731 | D:2      | Reached XP level 3. HP: 17/29 MP: 3/3
  1011 | D:2      | Gained mutation: You have sharp fingernails. [demonic
                  | ancestry]
  1011 | D:2      | Reached XP level 4. HP: 29/35 MP: 4/4
  1240 | D:3      | Noticed Jessica
  1242 | D:3      | Killed Jessica
  1243 | D:3      | Reached skill level 5 in Short Blades
  1286 | D:2      | Gained mutation: You are partially covered in sharp spines.
                  | [demonic ancestry]
  1286 | D:2      | Reached XP level 5. HP: 14/41 MP: 5/5
  1971 | D:3      | Noticed Natasha
  1982 | D:3      | Killed Natasha
  2057 | D:3      | Noticed Natasha
  2064 | D:3      | Killed Natasha
  2065 | D:3      | Reached XP level 6. HP: 35/47 MP: 6/6
  2142 | D:3      | Noticed Natasha
  2147 | D:3      | Killed Natasha
  2148 | D:3      | Reached skill level 3 in Dodging
  2607 | D:3      | Learned a level 1 spell: Beastly Appendage
  2655 | D:4      | Found an iron altar of Okawaru.
  2656 | D:4      | Found a hazy altar of Hepliaklqana.
  2671 | D:4      | Reached XP level 7. HP: 44/52 MP: 7/7
  2673 | D:4      | Found a stormy altar of Qazlal.
  2673 | D:4      | Found a blossoming altar of Fedhas.
  2673 | D:4      | Found an opulent altar of Gozag.
  2699 | D:4      | Found an ancient bone altar of Kikubaaqudgha.
  2699 | D:4      | Found an ornate altar of the Wu Jian Council.
  2699 | D:4      | Found a sparkling altar of Nemelex Xobeh.
  2713 | D:4      | Got Vehumet's Octavo of Conflict
  2720 | D:4      | Became a worshipper of Gozag Ym Sagoz the Greedy
  2820 | D:4      | Reached skill level 1 in Transmutations
  2929 | D:4      | Found Zin's Purification Station.
  3166 | D:4      | Found a staircase to the Ecumenical Temple.
  3363 | Temple   | Entered the Ecumenical Temple
  3423 | D:5      | Entered Level 5 of the Dungeon
  3446 | D:5      | Reached skill level 4 in Dodging
  3452 | D:5      | Noticed Pikel
  3652 | D:2      | Found Fubyul's One-of-a-Kind Rings.
  3659 | D:2      | Bought a +5 ring of dexterity for 252 gold pieces
  3733 | D:5      | Killed Pikel
  3734 | D:5      | Reached skill level 5 in Dodging
  3734 | D:5      | Gained mutation: You are mostly covered in molten scales.
                  | (AC +3) [demonic ancestry]
  3734 | D:5      | Reached XP level 8. HP: 48/58 MP: 8/8
  5059 | D:6      | Noticed Edmund
  5066 | D:6      | Killed Edmund
  5067 | D:6      | Gained mutation: You have very sharp fingernails. [demonic
                  | ancestry]
  5067 | D:6      | Reached XP level 9. HP: 63/63 MP: 9/9
  5142 | D:6      | Reached skill level 6 in Dodging
  5534 | D:7      | Reached skill level 10 in Short Blades
  5971 | D:7      | Reached skill level 7 in Dodging
  6084 | D:8      | Noticed Erica
  6300 | D:8      | Killed Erica
  6301 | D:8      | Reached skill level 8 in Dodging
  6525 | D:8      | Reached skill level 1 in Evocations
  6525 | D:8      | Gained mutation: You have claws for hands. [demonic
                  | ancestry]
  6525 | D:8      | Reached XP level 10. HP: 70/70 MP: 14/14
  6647 | D:7      | Identified a scroll of acquirement
  6650 | D:7      | Acquired the +10 quick blade "Gihoq" {heavy, Fragile rElec
                  | rN++ SInv}
  7635 | D:9      | Found a runed translucent door.
  7635 | D:9      | Noticed Darius099's ghost (novice MiFi)
  7652 | D:9      | Noticed a two-headed ogre
  7659 | D:9      | Killed a two-headed ogre
  7660 | D:9      | Reached skill level 9 in Dodging
  7682 | D:9      | Reached skill level 5 in Fighting
  8143 | D:9      | Noticed Erolcha
  8164 | D:9      | Killed Erolcha
  8844 | D:10     | Entered Level 10 of the Dungeon
  8854 | D:10     | Found a staircase to the Lair.
  8854 | D:10     | Noticed an elephant
  8866 | D:10     | Reached skill level 10 in Dodging
  8906 | D:9      | Killed an elephant
  9040 | D:10     | Reached XP level 11. HP: 83/83 MP: 16/16
  9114 | D:10     | Noticed a two-headed ogre
  9123 | D:10     | Killed a two-headed ogre
  9214 | D:10     | Noticed Urug
  9228 | D:10     | Killed Urug
  9527 | D:10     | Found a radiant altar of Vehumet.
  9543 | D:10     | Found a burning altar of Makhleb.
  9873 | D:10     | Reached skill level 11 in Dodging
 10054 | D:10     | Found a shimmering altar of Xom.
 10237 | D:10     | Found a hide-covered altar of Uskayaw.
 10670 | Lair:1   | Entered Level 1 of the Lair of Beasts
 10729 | Lair:1   | Reached skill level 5 in Stealth
 10827 | Lair:1   | Found a runed translucent gate.
 10827 | Lair:1   | Found a runed translucent gate.
 10827 | Lair:1   | Found a runed translucent gate.
 10827 | Lair:1   | Noticed Nabski's ghost (journeyman TeFE)
 10920 | Lair:1   | Found a dark tunnel.
 10945 | Lair:1   | Reached skill level 12 in Dodging
 10982 | Volcano  | Entered a volcano
 11275 | Volcano  | Noticed a skeletal warrior
 11277 | Volcano  | Killed a skeletal warrior
 11289 | Volcano  | Reached XP level 12. HP: 91/91 MP: 17/17
 11391 | Volcano  | Reached skill level 13 in Dodging
 12442 | Lair:2   | Reached skill level 14 in Dodging
 12573 | Lair:2   | Noticed Sonja
 12579 | Lair:2   | Killed Sonja
 12783 | Lair:2   | Reached skill level 15 in Dodging
 13497 | Lair:3   | Bought a spiked chain mail for 247 gold pieces
 13497 | Lair:3   | Identified the +4 chain mail of the Blacksmith {Str+3 SInv
                  | Stlth+} (You bought it in a shop on level 3 of the Lair of
                  | Beasts)
 13497 | Lair:3   | Bought a masterwork chain mail for 247 gold pieces
 13497 | Lair:3   | Identified the +0 chain mail "Haoqeat" {+Inv rF+++ Will-}
                  | (You bought it in a shop on level 3 of the Lair of Beasts)
 13497 | Lair:3   | Bought a pair of runed boots for 195 gold pieces
 13529 | Lair:3   | Noticed a five-headed hydra
 13543 | Lair:3   | Killed a five-headed hydra
 13544 | Lair:3   | Reached skill level 5 in Evocations
 13694 | Lair:3   | Reached skill level 1 in Armour
 13702 | Lair:3   | Reached XP level 13. HP: 91/96 MP: 18/18
 14046 | Lair:3   | Found a hole to the Spider Nest.
 14164 | Lair:3   | Reached skill level 1 in Shields
 14537 | Lair:3   | Found a staircase to the Swamp.
 15158 | Lair:4   | Noticed Snorg
 15176 | Lair:4   | Killed Snorg
 15177 | Lair:4   | Reached skill level 5 in Armour
 16172 | Lair:5   | Entered Level 5 of the Lair of Beasts
 16232 | Lair:4   | Reached skill level 5 in Shields
 16517 | Lair:5   | Reached XP level 14. HP: 45/103 MP: 19/19
 16684 | Lair:5   | Found a frozen archway.
 16804 | IceCv    | Entered an ice cave
 17190 | IceCv    | Identified the +6 flail of Foul Odours {speed, Fly rF- rN++
                  | Will+}
 17785 | Lair:5   | Acquired the +1 cloak of Mumblety Peg {Dex+3}
 17869 | Lair:5   | Found a viscous altar of Jiyva.
 17871 | Lair:5   | Found a staircase to the Slime Pits.
 18061 | Lair:5   | Reached skill level 10 in Armour
 19727 | D:11     | HP: 5/103 [skeletal warrior/+2 hand axe of distortion (16)]
 19728 | D:11     | Slain by a skeletal warrior

Illustrated notes

Levels and vault maps discovered:
D:1:      wander_arrival_desolate, layout_rooms, serial_forest,
          infiniplex_forest_straight_2, infiniplex_forest_side_room,
          infiniplex_forest_lined_corner, infiniplex_forest_straight_3,
          infiniplex_forest_lined_3, infiniplex_forest_clump_tiny,
          infiniplex_forest_lined_2, infiniplex_forest_lined_2
D:2:      layout_rooms, nicolae_concentric_dashed_squares_mild,
          nicolae_shop_unique_rings
D:3:      layout_basic, uniq_jessica, uniq_natasha
D:4:      layout_loops_ring, zin_purify, nicolae_overflows_in_rows,
          minmay_temple_entry_fiery, grunt_ministairs_1
D:5:      layout_loops_ring, uniq_pikel
D:6:      layout_rooms, corexii_hall_statues_t, uniq_edmund
D:7:      layout_gridville
D:8:      layout_basic, uniq_erica
D:9:      layout_grid_maze, hellmonk_ghost_big_iron, uniq_erolcha
D:10:     layout_layer_cave, mainiacjoe_overflow_alcove_1, xom_confusion_cloud,
          fiery_altar_vehumet, tso_metal_star, nicolae_uskayaw_dance_studio,
          david_lair_generic, minmay_misc_feat_more_columns,
          kennysheep_generic_room_7, uniq_urug
D:11:     layout_basic
Temple:   hellmonk_temple_two_chambers
Lair:1:   layout_regular_city, enter_volcano_2, gammafunk_ghost_necromancy,
          grunt_megastairs_2
Lair:2:   layout_loops_ring, serial_bayou, serial_bayou_ford_a,
          serial_bayou_pond_d, serial_bayou_pond_b, serial_bayou_pond_d,
          uniq_sonja
Lair:3:   layout_small_grid, nicolae_swamp_entry_splash_gauntlet,
          spider_nest_entry_funnel_web, wad_woods_01, infiniplex_staircase_pool,
          lemuel_fruit_fields, lemuel_fruit_tree
Lair:4:   layout_roguey, kennysheep_basilisk_garden, uniq_snorg
Lair:5:   evilmike_catoblepas_cave, layout_regular_city, slime_entry_1,
          portal_ice_cave_entry_imps

Skill      XL: |  1  2  3  4  5  6  7  8  9 10 11 12 13 14 |
---------------+-------------------------------------------+-----
Short Blades   | 3 4 5 6 8 9 10 | 10.0
Dodging        | 3 5 8 10 12 15 | 15.5
Transmutations | 2 |  2.0
Stealth        | 3 5 |  5.0
Spellcasting   | 3 |  3.4
Evocations     | 1 2 4 5 7 |  7.0
Fighting       | 6 7 |  7.0
Armour         | 1 7 11 | 11.9
Shields        | 5 |  5.0

Action                     |  1- 3 |  4- 6 |  7- 9 | 10-12 | 13-15 || total
---------------------------+-------+-------+-------+-------+-------++-------
  Melee: Short sword       |    83 |       |       |       |       ||    83
         Dagger            |    36 |   141 |   180 |     8 |       ||   365
         Punch             |     1 |     5 |     3 |     8 |     1 ||    18
         Kick              |       |     3 |    11 |    10 |       ||    24
         Headbutt          |       |     2 |     5 |     5 |       ||    12
         Unarmed           |       |       |    10 |       |       ||    10
         Quick blade       |       |       |       |   633 |  1108 ||  1741
   Cast: Beastly Appendage |       |     1 |    50 |    23 |       ||    74
 Invoke: Call Merchant     |       |       |       |     2 |     2 ||     4
  Evoke: Condenser vane    |       |       |       |       |     1 ||     1
    Use: Potion            |     2 |     2 |       |       |     6 ||    10
         Scroll            |       |       |       |    24 |     6 ||    30
   Stab: Sleeping          |     1 |     4 |     7 |    15 |     7 ||    34
         Paralysed         |       |       |    23 |     3 |       ||    26
         Confused          |       |       |     1 |       |       ||     1
         Distracted        |       |       |     2 |     7 |     5 ||    14
         Invisible         |       |       |       |       |     1 ||     1
 Armour: Robe              |    29 |    63 |    32 |    60 |    18 ||   202
         Chain mail        |       |       |       |    11 |   315 ||   326
  Dodge: Dodged            |    66 |   103 |   104 |   317 |   382 ||   972
  Block: Other             |       |       |       |    25 |     6 ||    31
         Buckler           |       |       |       |       |   419 ||   419
         Reflection        |       |       |       |       |     7 ||     7

Table legend: (Time is in decaauts)
 A = Elapsed time spent in this place.
 B = Non-inter-level travel time spent in this place.
 C = Inter-level travel time spent in this place.
 D = Time resting spent in this place.
 E = Time spent auto-exploring this place.
 F = Levels seen in this place.
 G = Mean time per level.
                   A        B        C        D        E       F      G
               +--------+--------+--------+--------+--------+-----+--------+
         Total |  18636 |  17791 |    845 |   1676 |  11518 |  19 |  980.8 |
       Dungeon |  10922 |  10237 |    685 |    798 |   7262 |  11 |  992.9 |
        Temple |     17 |     12 |      5 |      0 |     11 |   1 |   17.0 |
          Lair |   6542 |   6388 |    154 |    666 |   3949 |   5 | 1308.4 |
      Ice Cave |    644 |    644 |      0 |     71 |    229 |   1 |  644.0 |
       Volcano |    509 |    509 |      0 |    141 |     67 |   1 |  509.0 |
               +--------+--------+--------+--------+--------+-----+--------+

Top non-repeatable levels by time:
  Lair:5: 1695 daAuts
     D:9: 1589 daAuts
    D:10: 1486 daAuts
  Lair:4: 1354 daAuts
  Lair:3: 1345 daAuts
     D:8: 1147 daAuts
     D:7: 1117 daAuts
  Lair:2: 1083 daAuts
  Lair:1: 1063 daAuts
     D:4: 1030 daAuts
     D:3: 1012 daAuts
     D:5: 910 daAuts
     D:2: 860 daAuts
     D:1: 672 daAuts
   IceCv: 644 daAuts
